 Dungeon Crawl Stone Soup version 0.31-a0-1308-ga3cce3a448 (webtiles) character file.

Game seed: 6140925425377616441

134 Sobieck the Conjurer (level 4, -3/24 HPs)
             Began as a Deep Elf Conjurer on Dec 19, 2023.
             Slain by a gnoll
             ... wielding a +0 whip
             ... led by a gnoll bouda
              (7 damage)
             ... on level 4 of the Dungeon.
             The game lasted 00:02:34 (2944 turns).

Sobieck the Conjurer (Deep Elf Conjurer)            Turns: 2944, Time: 00:02:35

Health: -3/24      AC:  2    Str:  4    XL:     4   Next: 95%
Magic:  9/12       EV: 13    Int: 25    God:
Gold:   219        SH:  0    Dex: 19    Spells: 9/12 levels left

rFire   . . .        (no weapon)
rCold   . . .        (no shield)
rNeg    . . .        a - +0 robe
rPois   .            (no helmet)
rElec   .            (no cloak)
rCorr   .            (no gloves)
SInv    .            (no boots)
Will    .....        (no amulet)
Stlth   ++           j - +6 ring of dexterity
HPRegen 0.24/turn    (no ring)
MPRegen 0.13/turn

%: no passive effects
@: no status effects
A: no striking features
a: no special abilities


You were on level 4 of the Dungeon.
You visited 1 branch of the dungeon, and saw 4 of its levels.

You collected 219 gold pieces.

Inventory:

Armour
 a - a +0 robe (worn)
Jewellery
 j - a +6 ring of dexterity (left hand)
Wands
 o - a wand of polymorph (5)
Scrolls
 d - 2 scrolls of teleportation {unknown}
 e - a scroll of enchant armour {unknown}
 l - a scroll of revelation {unknown}
 m - 3 scrolls of identify {unknown}
 q - a scroll of immolation {unknown}
 s - a scroll of fog {unknown}
Potions
 b - a potion of magic
 c - 2 potions of brilliance {unknown}
 f - 2 potions of mutation {unknown}
 g - a potion of attraction {unknown}
 h - a potion of enlightenment {unknown}
 i - 2 potions of cancellation {unknown}
 k - a potion of invisibility {unknown}
 n - 3 potions of curing {unknown}
 p - a potion of heal wounds {unknown}
 r - a potion of berserk rage {unknown}


   Skills:
 - Level 2.4 Dodging
 - Level 2.4 Stealth
 + Level 4.7 Spellcasting
 + Level 5.3 Conjurations
 + Level 3.3 Hexes


You had 9 spell levels left.
You knew the following spells:

 Your Spells              Type           Power      Damage    Failure   Level
a - Magic Dart            Conj           100%       1d8       1%          1
b - Searing Ray           Conj           64%        2d6       1%          2

Your spell library contained the following spells:

 Spells                   Type           Power      Damage    Failure   Level
 Shock                    Conj/Air       76%        1d7       2%          1
 Dazzling Flash           Conj/Hex       54%        N/A       4%          3
 Fulminant Prism          Conj/Hex       13%        3d8       14%         4
 Swiftness                Air            5%         N/A       26%         3
 Iskenderun's Mystic Bla  Conj/Tloc      19%        2d6       28%         4
 Airstrike                Air            2%         2d(1-17)  63%         4


Dungeon Overview and Level Annotations

Branches:
Dungeon (4/15)
 Temple: D:4-7

Altars:
Sif Muna
Yredelemnul

Shops:
D:1 [


Message History

Confirm with . or Enter, or press ? or * to list all spells.
Aiming: Searing Ray (safe; 1% risk of failure)
Press: ? - help, Shift-Dir - straight line, f - orc
Aim: an orc, wielding a +0 flail (81% to hit)
The searing ray hits the orc.
The orc is severely wounded. (Press . to maintain the ray.)
The orc barely misses you.
The searing ray hits the orc!
You kill the orc!
Unknown command.
Things that are here:
a +0 flail; an orc corpse You start resting.
Magic restored.
Unknown command.
Found a ring mail.
A gnoll bouda and 3 gnolls come into view.
The gnoll shouts!
You hear a shout!
The gnoll bouda barks out a call to the hunt!
The gnolls pick up the pace!
A gnoll comes into view. It is wielding a +0 whip.
The gnoll shouts!
Unknown command.
Casting: Searing Ray (safe; 1% risk of failure)
Confirm with . or Enter, or press ? or * to list all spells.
Aiming: Searing Ray (safe; 1% risk of failure)
Press: ? - help, Shift-Dir - straight line, f - gnoll bouda
Aim: a gnoll bouda, wielding a +0 club and wearing a +0 leather armour (83% to hit)
The searing ray hits the gnoll bouda.
The gnoll bouda is lightly wounded. (Press . to maintain the ray.)
A gnoll comes into view. It is wielding a +0 club.
The searing ray hits the gnoll bouda.
The gnoll bouda is moderately wounded.
The searing ray hits the gnoll.
The gnoll is moderately wounded.
The searing ray hits the gnoll bouda.
The gnoll bouda is heavily wounded.
The searing ray hits the gnoll.
The gnoll is moderately wounded.
The gnoll hits you from afar with a +0 spear.
A sky beast comes into view.
The gnoll closely misses you. The gnoll closely misses you.
The gnoll attacks as it pursues you! The gnoll hits you with a +0 whip.
The gnoll hits you with a +0 whip. The gnoll hits you with a +0 whip!
* * * LOW HITPOINT WARNING * * *
The gnoll attacks as it pursues you! The gnoll hits you with a +0 whip!
You die...

...............#
..$...........
...###.#...<....$.
.!..g.g...........
.....#.g..........
... ###..........
. #.g........
##g........
##@........
###.<.##.....
#<)...# .[...
###.....##.....
#..............
#.......##... .
#.......# ..
#.......# .
#.......#


You could see a gnoll bouda and 3 gnolls.

Vanquished Creatures
  Jessica (D:3)
  An iguana (D:3)
  2 adders (D:3)
  2 worms
  A dart slug (D:1)
  4 orcs
  3 endoplasms
  2 giant cockroaches
  4 hobgoblins (D:1)
  6 jackals
  2 kobolds
  5 quokkas
  6 ball pythons
  4 bats
  4 frilled lizards
  2 goblins
  4 rats
53 creatures vanquished.

Notes
Turn   | Place    | Note
-------+----------+-------------------------------------------
     0 | D:1      | Sobieck the Deep Elf Conjurer began the quest for the Orb.
     0 | D:1      | Reached XP level 1. HP: 10/10 MP: 6/6
   212 | D:1      | Found Foraanosm's Antique Armour Shop.
   307 | D:1      | Reached skill level 1 in Hexes
   309 | D:1      | Reached XP level 2. HP: 15/15 MP: 1/8
   379 | D:1      | Learned a level 2 spell: Searing Ray
  1201 | D:2      | Reached XP level 3. HP: 19/19 MP: 6/10
  1545 | D:2      | Found a faded altar of an unknown god.
  1927 | D:3      | Noticed Jessica
  1939 | D:3      | Killed Jessica
  1940 | D:3      | Reached skill level 5 in Conjurations
  1940 | D:3      | Reached XP level 4. HP: 24/24 MP: 6/12
  2290 | D:3      | Found a basalt altar of Yredelemnul.
  2363 | D:3      | Reached skill level 3 in Hexes
  2664 | D:3      | Found a shimmering blue altar of Sif Muna.
  2939 | D:4      | Noticed a sky beast
  2944 | D:4      | Slain by a gnoll

Illustrated notes

Levels and vault maps discovered:
D:1:      tarquinn_simple_flora_water_a, layout_basic, serial_shops,
          nicolae_shop_overgrown_old_shop
D:2:      layout_rooms, shapermc_ecumenical_altar_petra,
          corexii_item_surrounded_by_moat
D:3:      layout_loops_ring, hellmonk_sif_muna_bookshelves,
          nicolae_overflow_hidden_temple, uniq_jessica
D:4:      layout_rooms, serial_shops, shop

Skill      XL: |  1  2  3  4 |
---------------+-------------+-----
Hexes          | 1 2 3 |  3.3
Spellcasting   | 4 |  4.7
Conjurations   | 5 |  5.3
Dodging        | |  2.4
Stealth        | |  2.4

Action                     |  1- 3 |  4- 6 || total
---------------------------+-------+-------++-------
   Cast: Magic Dart        |    72 |    22 ||    94
         Searing Ray       |     3 |     8 ||    11
 Armour: Robe              |     4 |     9 ||    13
  Dodge: Dodged            |     3 |    11 ||    14

Table legend: (Time is in decaauts)
 A = Elapsed time spent in this place.
 B = Non-inter-level travel time spent in this place.
 C = Inter-level travel time spent in this place.
 D = Time resting spent in this place.
 E = Time spent auto-exploring this place.
 F = Levels seen in this place.
 G = Mean time per level.
                   A        B        C        D        E       F      G
               +--------+--------+--------+--------+--------+-----+--------+
         Total |   2944 |   2850 |     94 |    117 |   2477 |   4 |  736.0 |
       Dungeon |   2944 |   2850 |     94 |    117 |   2477 |   4 |  736.0 |
               +--------+--------+--------+--------+--------+-----+--------+

Top non-repeatable levels by time:
     D:1: 1196 daAuts
     D:3: 935 daAuts
     D:2: 702 daAuts
     D:4: 109 daAuts
